 Dungeon Crawl Stone Soup version 0.28.0-1-gb440e238dd (webtiles) character file.

Game seed: 1378375781218956605

3847 dolemite99 the Firebug (level 9, -10/74 HPs)
             Began as a Yellow Draconian Cinder Acolyte on Feb 22, 2022.
             Was an Initiate of Ignis.
             Mangled by a blink frog (12 damage)
             ... on level 1 of the Lair of Beasts.
             The game lasted 00:16:37 (14256 turns).

dolemite99 the Firebug (DrCA)                      Turns: 14256, Time: 00:16:37

Health: -10/74     AC:  9    Str: 20    XL:     9   Next: 98%
Magic:  4/15       EV: 12    Int: 26    God:    Ignis [......]
Gold:   493        SH:  0    Dex:  8    Spells: 7/16 levels left

rFire   + + .      SeeInvis .   b - +1 hunting sling (flame)
rCold   . . .      Faith    .   (no shield)
rNeg    . . .      Spirit   .   (armour unavailable)
rPois   .          Reflect  .   (helmet restricted)
rElec   .          Harm     .   z - +0 cloak
rCorr   +          Rampage  .   (no gloves)
Will    .....                   N - +0 pair of boots
Stlth   +.........              E - amulet "Plog" {RegenMP Str+2 Int+4}
HPRegen 0.22/turn               l - ring of protection from fire
MPRegen 0.54/turn               y - +6 ring of intelligence

@: no status effects
A: spit acid, AC +7, unfitting armour, cold-blooded, acid resistance
a: Breathe Acid, Renounce Religion


You were on level 1 of the Lair of Beasts.
You worshipped Ignis.
Ignis was noncommittal.
You visited 2 branches of the dungeon, and saw 10 of its levels.

You collected 493 gold pieces.

Inventory:

Hand Weapons
 a - a +1 spear of flaming
 b - a +1 hunting sling of flaming (weapon)
 x - a +0 trident of venom
Missiles
 c - 193 stones
 g - 26 poisoned darts
 h - 98 arrows
 v - 30 bolts
 B - 9 sling bullets (quivered ammo)
 L - 6 boomerangs
Armour
 z - a +0 cloak (worn)
 N - a +0 pair of boots (worn)
Magical Staves
 m - a staff of earth
Jewellery
 i - a ring of resist corrosion
 l - a ring of protection from fire (left hand)
 o - an amulet of guardian spirit
 u - a ring of positive energy
 y - a +6 ring of intelligence (right hand)
 E - the amulet "Plog" (around neck) {RegenMP Str+2 Int+4}
   (You acquired it on level 7 of the Dungeon)

   [amulet of magic regeneration]

   It increases your rate of magic regeneration.
   Str:       It affects your strength (+2).
   Int:       It affects your intelligence (+4).
Wands
 j - a wand of acid (1)
 G - a wand of polymorph (14)
 J - a wand of iceblast (24)
 K - a wand of mindburst (5)
Scrolls
 k - 6 scrolls of teleportation
 s - 2 scrolls of amnesia
 t - a scroll of brand weapon
 C - a scroll of enchant weapon
 H - a scroll of summoning
Potions
 d - 4 potions of curing
 e - a potion of lignification {unknown}
 f - 2 potions of resistance
 n - a potion of might {unknown}
 p - 5 potions of heal wounds
 q - 2 potions of degeneration {unknown}
 r - a potion of ambrosia {unknown}
 w - 3 potions of magic {unknown}
 D - 2 potions of flight
 F - 2 potions of attraction
 I - a potion of cancellation {unknown}
 M - a potion of mutation {unknown}


   Skills:
 - Level 5.0 Fighting
 - Level 5.0 Polearms
 - Level 4.0 Dodging
 - Level 4.0 Spellcasting
 + Level 5.7 Hexes
 - Level 7.0 Summonings
 - Level 7.4 Fire Magic


You had 7 spell levels left.
You knew the following spells:

 Your Spells              Type           Power      Damage    Failure   Level
a - Scorch                Fire           86%        2d9       1%          2
b - Summon Guardian Gole  Hex/Summ       38%        N/A       1%          3
c - Call Canine Familiar  Summ           41%        N/A       1%          3
d - Summon Small Mammal   Summ           100%       N/A       1%          1

Your spell library contained the following spells:

 Spells                   Type           Power      Damage    Failure   Level
 Portal Projectile        Hex/Tloc       40%        N/A       8%          3
 Animate Dead             Necr           2%         N/A       63%         4
 Blade Hands              Tmut           2%         N/A       93%         5
 Excruciating Wounds      Necr           2%         N/A       93%         5
 Haunt                    Necr/Summ      11%        N/A       100%        7
 Infestation              Necr           2%         N/A       100%        8


Dungeon Overview and Level Annotations

Branches:
Dungeon (9/15)             Temple (0/1) D:6            Lair (1/6) D:9
    Orc: D:9-12

Altars:
Dithmenos


Innate Abilities, Weirdness & Mutations

You can spit globs of acid.
Your golden yellow scales are hard. (AC +7)
You cannot fit into any form of body armour.
You are cold-blooded and may be slowed by cold attacks.
You are resistant to acid. (rCorr)


Message History

Confirm with . or Enter, or press ? or * to list all spells.
Flames lash the blink frog.
The blink frog is heavily wounded.
The blink frog's fire resistance burns away.
The blink frog hits you! The blink frog barely misses you.
The blink frog hits you but does no damage.
The blink frog hits you but does no damage.
The blink frog is no longer more vulnerable to fire.
The blink frog blinks!
The blink frog hits you.
Casting: Scorch (safe; 1% risk of failure)
Confirm with . or Enter, or press ? or * to list all spells.
Flames lash the blink frog.
The blink frog is severely wounded.
The blink frog's fire resistance burns away.
Your guardian golem disappears in a puff of smoke!
The blink frog blinks!
Casting: Scorch (safe; 1% risk of failure)
Confirm with . or Enter, or press ? or * to list all spells.
Flames lash the blink frog.
The blink frog is moderately wounded.
The blink frog's fire resistance burns away.
The blink frog hits you.
The blink frog blinks! x2
Casting: Scorch (safe; 1% risk of failure)
Confirm with . or Enter, or press ? or * to list all spells.
Flames lash the blink frog.
The blink frog is burned terribly!
The blink frog is moderately wounded.
The blink frog hits you!
* * * LOW HITPOINT WARNING * * *
The blink frog blinks!
The blink frog completely misses you.
Casting: Scorch (safe; 1% risk of failure)
Confirm with . or Enter, or press ? or * to list all spells.
Flames lash the blink frog.
The blink frog is burned terribly!
The blink frog is almost dead.
The blink frog is no longer more vulnerable to fire.
The blink frog hits you!
* * * LOW HITPOINT WARNING * * *
The blink frog hits you.
* * * LOW HITPOINT WARNING * * *
The blink frog hits you!
You die...

#...........#≈≈#
#.....####..≈≈#
##...######..≈#
#...>.≈≈≈##.##
##...≈≈≈....##
#...≈≈....#..##
#..≈≈....≈≈##.###### #
#....≈≈≈..≈≈.###...##.#
P......≈..#≈≈F..@.....#
.......≈........F.....#
...........†..........#
......................#
......................#
......................#
...............$......#
......................#
..................#...#


You could see 2 blink frogs.

Vanquished Creatures
  Joseph (D:8)
  A komodo dragon (D:9)
  2 blink frogs (Lair:1)
  An acid dragon (D:6)
  2 water moccasins
  An orc warrior (D:7)
  3 ogres
  A necrophage (D:4)
  A sky beast (D:8)
  A centaur (D:9)
  A phantom (D:5)
  4 bullfrogs
  2 kobold brigands
  2 scorpions
  A water moccasin zombie (D:6)
  A wyvern skeleton (D:7)
  16 wights
  2 howler monkeys
  2 centaur zombies
  4 hounds (D:5)
  3 iguanas
  Ijyb (D:4)
  A killer bee zombie (D:7)
  2 howler monkey zombies
  2 adders
  2 white imps (D:5)
  An adder skeleton (D:5)
  An adder zombie (D:5)
  4 worms (D:2)
  4 dart slugs
  18 orcs
  7 ball pythons
  6 bats
  8 endoplasms
  3 giant cockroaches
  13 goblins
  4 hobgoblins
  4 jackals (D:2)
  A quokka (D:4)
  5 frilled lizards
  14 kobolds
  A quokka skeleton (D:4)
  5 rats
159 creatures vanquished.

Vanquished Creatures (collateral kills)
  A bullfrog (D:6)
  An orc (D:6)
2 creatures vanquished.

Vanquished Creatures (others)
  104 foxfires
  14 plants
118 creatures vanquished.

Grand Total: 279 creatures vanquished

Notes
Turn   | Place    | Note
-------+----------+-------------------------------------------
     0 | D:1      | dolemite99 the Draconian Cinder Acolyte began the quest for
                  | the Orb.
     0 | D:1      | Reached XP level 1. HP: 19/19 MP: 2/2
   188 | D:1      | Reached XP level 2. HP: 26/26 MP: 3/3
   666 | D:1      | Found a faded altar of an unknown god.
  1027 | D:2      | Reached XP level 3. HP: 23/31 MP: 4/4
  1220 | D:2      | Learned a level 2 spell: Scorch
  2689 | D:2      | Reached XP level 4. HP: 38/38 MP: 2/5
  4031 | D:4      | Learned a level 3 spell: Call Canine Familiar
  4421 | D:4      | Noticed Ijyb
  4449 | D:4      | Noticed an ogre
  4451 | D:4      | Killed an ogre
  4452 | D:4      | Reached skill level 5 in Fire Magic
  4452 | D:4      | Reached XP level 5. HP: 10/45 MP: 6/6
  4638 | D:4      | HP: 1/45 [Ijyb/bolt of acid (14)]
  5178 | D:4      | Killed Ijyb
  5178 | D:4      | Noticed a necrophage
  5197 | D:4      | Killed a necrophage
  5198 | D:4      | Reached XP level 6. HP: 43/51 MP: 3/7
  6010 | D:5      | Entered Level 5 of the Dungeon
  6436 | D:4      | Learned a level 2 spell: Scorch
  6637 | D:5      | Reached skill level 1 in Summonings
  6641 | D:5      | Your scales start taking on a golden yellow colour.
  6641 | D:5      | Reached XP level 7. HP: 46/57 MP: 3/8
  6641 | D:5      | Gained mutation: You are resistant to acid. (rCorr) [Yellow
                  | Draconian growth]
  7801 | D:5      | Reached skill level 5 in Summonings
  8558 | D:6      | Reached XP level 8. HP: 55/63 MP: 3/9
  9389 | D:6      | Found a staircase to the Ecumenical Temple.
 10252 | D:7      | You fall into a shaft and drop 2 floors!
 10279 | D:8      | Noticed Joseph
 10286 | D:8      | Killed Joseph
 10287 | D:8      | Reached skill level 5 in Polearms
 10597 | D:7      | Reached XP level 9. HP: 48/70 MP: 3/13
 11221 | D:7      | Identified a scroll of acquirement
 11221 | D:7      | Acquired the amulet "Plog" {RegenMP Str+2 Int+4}
 11935 | D:8      | Reached skill level 5 in Fighting
 12404 | D:8      | Learned a level 3 spell: Summon Guardian Golem
 12676 | D:8      | Reached skill level 1 in Hexes
 12875 | D:9      | Found a shadowy altar of Dithmenos.
 13685 | D:9      | Noticed a komodo dragon
 13702 | D:9      | Killed a komodo dragon
 14100 | D:9      | Found a staircase to the Lair.
 14120 | D:9      | Learned a level 1 spell: Summon Small Mammal
 14121 | Lair:1   | Entered Level 1 of the Lair of Beasts
 14231 | Lair:1   | Reached skill level 5 in Hexes
 14256 | Lair:1   | HP: 2/74 [blink frog (6)]
 14256 | Lair:1   | Mangled by a blink frog

Illustrated notes

Levels and vault maps discovered:
D:1:      roderic_chinese_lattice_arrival, layout_loops_ring,
          shapermc_ecumenical_altar_mp_urbaneastern, st_stairs_13,
          nrook_mini_vaults, glass_columns_b
D:2:      mumra_celtic_spiral_tile, layout_loops_ring, minmay_small_reverse_x
D:3:      layout_basic
D:4:      layout_basic, nicolae_elevator_lobby_plus, uniq_ijyb
D:5:      layout_rooms
D:6:      layout_rooms, temple_statues, gup_sewer_entry_glass
D:7:      layout_basic
D:8:      layout_gridville, uniq_joseph
D:9:      layout_basic, mainiacjoe_overflow_small_starburst,
          david_lair_shrubbed, enter_bailey_5
Lair:1:   gammafunk_boulding_lane, layout_hall_layers,
          chequers_serial_rivers_micro_e, chequers_serial_rivers_small_b

Skill      XL: |  1  2  3  4  5  6  7  8  9 |
---------------+----------------------------+-----
Fire Magic     | 4 5 6 7 |  7.4
Summonings     | 1 5 7 |  7.0
Spellcasting   | 3 4 |  4.0
Polearms       | 5 |  5.0
Dodging        | 3 4 |  4.0
Fighting       | 5 |  5.0
Hexes          | 5 |  5.7

Action                   |  1- 3 |  4- 6 |  7- 9 || total
-------------------------+-------+-------+-------++-------
Melee: Spear             |   114 |    52 |    40 ||   206
       Tailslap          |    11 |     4 |     8 ||    23
       Punch             |     1 |       |       ||     1
       Trident           |       |       |     4 ||     4
 Fire: Hunting sling     |       |       |    81 ||    81
Throw: Stone             |    27 |       |     5 ||    32
 Cast: Scorch            |    18 |    32 |   106 ||   156
       Call Canine Famil |       |       |     7 ||     7
       Summon Small Mamm |       |       |     1 ||     1
       Summon Guardian G |       |       |     1 ||     1
Invok: Foxfire Swarm     |       |     3 |     4 ||     7
       Rising Flame      |       |     1 |       ||     1
       Fiery Armour      |       |     1 |     1 ||     2
 Abil: Breathe Acid      |       |       |    11 ||    11
Evoke: Wand              |       |     1 |       ||     1
  Use: Potion            |       |     4 |       ||     4
       Scroll            |       |     8 |    11 ||    19
 Stab: Distracted        |       |       |     2 ||     2
Armor: Skin              |    45 |    31 |    57 ||   133
Dodge: Dodged            |    76 |    35 |   122 ||   233
